AoeStats
← Der_BastiFantasti

Arabia

510584039Analyzed
1v1 RM · 11h ago on Oct 1, 2026· 18m 57s· 2 players
Game mode
Random Map
Map size
Tiny (2 player)
Population
200
Speed
Normal
Resources
Standard
Victory
Conquest
Starting age
Dark Age
Ending age
Imperial Age
RankedLock teamsTeams togetherTeam positionsShared explorationLock speedFull tech treeHidden civsTurbo modeCheats
Victory
Defeat
🇩🇪 Romans · Germany
1051
+17
🇮🇳 Armenians · India
1067
-17
Der_BastiFantasti
11:10 Feudal Age
11:12 Man-at-Arms
12:27 Horse Collar
15:57 Scale Mail Armor
16:52 Forging
Tempus Fugit
7:15 Loom
7:28 Loom
11:05 Feudal Age
11:10 Man-at-Arms
Connection lost

Rejoining the realm…

Still unreachable

The connection could not be restored.

Session expired

The server has moved on; the page needs a fresh start.